 Dungeon Crawl Stone Soup version 0.30-a0-948-g4fa250aae5 (webtiles) character file.

Game seed: 5036325332428641817

12946 DeathPants the Slicer (level 12, -23/66 HPs)
             Began as a Vine Stalker Gladiator on Mar 26, 2023.
             Was an Initiate of Gozag.
             Annihilated by a boulder beetle (40 damage)
             ... on level 11 of the Dungeon.
             The game lasted 00:31:19 (8631 turns).

DeathPants the Slicer (Vine Stalker Gladiator)      Turns: 8631, Time: 00:31:20

Health: -23/66     AC: 15    Str: 17    XL:     12   Next: 0%
Magic:  0/34       EV: 20    Int: 11    God:    Gozag
Gold:   1454       SH:  0    Dex: 34    Spells: 24/27 levels left

rFire   . . .      SeeInvis .    b - +6 rapier of Tartarus {vamp, *Corrode Str-3 Dex+8 Stlth+}
rCold   x . .      Faith    .    (no shield)
rNeg    + . .      Spirit   +    y - +4 robe of Benevolence {Will++}
rPois   +          Reflect  .    c - +2 helmet
rElec   +          Rampage  .    I - +2 ratskin cloak {*Rats rPois rN+ Str-1 Int-1 Dex+1}
rCorr   .                        (no gloves)
Will    +++..                    D - +2 pair of boots {Fly}
Stlth   +++++                    u - amulet of Toibyo Liesh {rC- Regen+ Str+4 Dex+2 Stlth+}
HPRegen 1.91/turn                z - ring of Cuisyull {+Blink rElec MP+9}
MPRegen 0.24/turn                J - +6 ring of dexterity

@: flying, slowed, very slow
A: fangs 3, regeneration 1, magic shield, antimagic bite, no potion heal 2
a: Renounce Religion, Evoke Blink, Potion Petition, Call Merchant, Bribe Branch


You were on level 11 of the Dungeon.
You worshipped Gozag.
Gozag was most pleased with you.
You visited 2 branches of the dungeon, and saw 13 of its levels.

You collected 1638 gold pieces.
You paid 184 gold pieces to Gozag.

Inventory:

Hand Weapons
 a - a +5 rapier of venom
 b - the +6 rapier of Tartarus (weapon) {vamp, *Corrode Str-3 Dex+8 Stlth+}
   (You found it on level 4 of the Dungeon)

   Str:       It affects your strength (-3).
   Dex:       It affects your dexterity (+8).
   *Corrode:  It may corrode you when you take damage.
   Stlth:     It makes you more stealthy.
 m - a +0 rapier
 A - a +1 dagger of draining
Missiles
 d - 3 throwing nets
 e - a javelin
 G - 5 atropa-tipped darts
 U - 4 poisoned darts
Armour
 c - a +2 helmet (worn)
 g - a +3 leather armour of fire resistance
 o - a +2 cloak of willpower
 y - the +4 robe of Benevolence (worn) {Will++}
   (You found it on level 3 of the Dungeon)

   Will:      It greatly increases your willpower.
 D - a +2 pair of boots of flying (worn)
 I - the +2 ratskin cloak (worn) {*Rats rPois rN+ Str-1 Int-1 Dex+1}
   (You found it on level 6 of the Dungeon)

   *Rats:     When the wearer is hurt, rats may emerge from it to assist them.
   Str:       It affects your strength (-1).
   Int:       It affects your intelligence (-1).
   Dex:       It affects your dexterity (+1).
   rPois:     It protects you from poison.
   rN:        It protects you from negative energy.
Jewellery
 u - the amulet of Toibyo Liesh (around neck) {rC- Regen+ Str+4 Dex+2 Stlth+}
   (You acquired it on level 3 of the Dungeon)

   [amulet of regeneration]

   Str:       It affects your strength (+4).
   Dex:       It affects your dexterity (+2).
   rC:        It makes you vulnerable to cold.
   Regen:     It increases your rate of health regeneration.
   Stlth:     It makes you more stealthy.
 z - the ring of Cuisyull (left hand) {+Blink rElec MP+9}
   (You acquired it on level 3 of the Dungeon)

   [ring of magical power]

   rElec:     It insulates you from electricity.
   MP:        It affects your magic capacity (+9).
   +Blink:    It lets you blink.
 F - an amulet of reflection
 J - a +6 ring of dexterity (right hand)
 K - a ring of fire
 Q - a ring of magical power
Wands
 C - a wand of polymorph (12)
 P - a wand of roots (20)
 R - a wand of digging (2)
 T - a wand of paralysis (3)
 V - a wand of flame (6)
Scrolls
 f - a scroll of torment {unknown}
 j - 2 scrolls of brand weapon {unknown}
 l - 5 scrolls of blinking
 p - 3 scrolls of silence
 r - 2 scrolls of magic mapping
 s - 2 scrolls of fog
 w - 3 scrolls of teleportation
 x - a scroll of vulnerability {unknown}
 B - a scroll of immolation {unknown}
 H - a scroll of poison {unknown}
 M - a scroll of enchant weapon {unknown}
 O - a scroll of fear
Potions
 h - a potion of cancellation
 i - 2 potions of flight
 k - 5 potions of curing
 n - 4 potions of lignification
 q - 3 potions of attraction
 t - 2 potions of berserk rage
 v - 5 potions of brilliance
 E - a potion of magic
 L - a potion of might
 N - 4 potions of mutation
 S - a potion of resistance


   Skills:
 + Level 9.1 Fighting
 * Level 9.7 Short Blades
 - Level 1.7 Throwing
 - Level 6.4 Dodging
 + Level 8.1 Spellcasting
 - Level 7.0 Hexes


You had 24 spell levels left.
You knew the following spells:

 Your Spells              Type           Power      Damage    Failure   Level
a - Tukima's Dance        Hex            19%        N/A       2%          3

Your spell library contained the following spells:

 Spells                   Type           Power      Damage    Failure   Level
 Lesser Beckoning         Tloc           8%         N/A       24%         2
 Gell's Gravitas          Tloc           4%         N/A       43%         3
 Ozocubu's Armour         Ice            4%         N/A       43%         3
 Teleport Other           Tloc           4%         N/A       43%         3
 Metabolic Englaciation   Hex/Ice        6%         N/A       71%         5
 Yara's Violent Unravell  Hex/Tmut       6%         3d5       71%         5
 Passage of Golubria      Tloc           4%         N/A       83%         4
 Simulacrum               Ice/Necr       Unusable   N/A       N/A         6

Dungeon Overview and Level Annotations

Branches:
Dungeon (12/15)            Temple (1/1) D:7            Lair (0/5) D:10
    Orc: D:9-12

Altars:
Fedhas
Gozag
Nemelex Xobeh
Ru
Sif Muna
Uskayaw
Wu Jian
Zin
The Shining One

Shops:
D:3 (   D:6 !


Innate Abilities, Weirdness & Mutations

You have razor-sharp teeth.
Your natural rate of healing is unusually fast.
When hurt, damage is shared between your health and your magic reserves.
Your bite disrupts and absorbs the magic of your enemies.
Potions cannot restore your health.


Message History

You hit the boulder beetle but do no damage.
You bite the boulder beetle, but do no damage.
The boulder beetle is moderately wounded.
The boulder beetle bites you but does no damage.
You hit the boulder beetle but do no damage.
You bite the boulder beetle, but do no damage.
The boulder beetle is lightly wounded.
The boulder beetle bites you!! The troll misses you. x2
The troll completely misses you.
You hit the boulder beetle but do no damage.
You bite the boulder beetle, but do no damage.
The boulder beetle is lightly wounded.
You hit the boulder beetle but do no damage.
You bite the boulder beetle, but do no damage.
The boulder beetle is lightly wounded.
The boulder beetle bites you! The troll closely misses you.
The troll claws you! The troll closely misses you.
You hit the boulder beetle.
You bite the boulder beetle, but do no damage.
The boulder beetle is lightly wounded.
The boulder beetle bites you! The troll bites you but does no damage.
The troll claws you! The troll closely misses you.
You hit the boulder beetle.
You feel better.
You bite the boulder beetle, but do no damage.
The boulder beetle is lightly wounded.
The boulder beetle curls into a ball and begins rolling!
The troll attacks as you move away! The troll bites you but does no damage.
The troll misses you. The troll claws you but does no damage.
The boulder beetle attacks as you move away!
The boulder beetle hits you!!
* * * LOW HITPOINT WARNING * * *
The boulder beetle stops rolling and uncurls.
The wraith attacks as you move away! The wraith hits you!
* * * LOW HITPOINT WARNING * * *
The wraith drains your vigour!
You feel yourself slow down.
The boulder beetle curls into a ball and begins rolling!
The boulder beetle hits you!!!
Ouch! That really hurt!
You die...
Your body crumbles into a pile of gold.

####################
#...................
#.....?....#........
#...###..T.#........
#.......@W..........
#........Bâ—‹â—‹........
#...................
#......#######....."
#......# ##+#######..
#.###..#.....#........#..
#......#.....#........#..
#......#.....#........#..
#......#.....#........#..


You could see a boulder beetle (rolling), a troll and a wraith.

Vanquished Creatures
  Gastronok (D:9)
  A boulder beetle (D:11)
  2 two-headed ogres
  A manticore (D:12)
  A kobold demonologist (D:10)
  Psyche (D:11)
  2 unseen horrors
  Maggie (D:9)
  2 trolls
  A polar bear (D:10)
  12 yaks
  2 wyverns
  A steam dragon (D:8)
  2 wargs (D:10)
  Menkaure (D:6)
  2 water moccasins
  4 orc warriors
  4 sky beasts (D:7)
  5 ice beasts
  An ogre (D:5)
  3 wolves (D:10)
  4 centaurs
  3 phantoms
  3 bullfrogs
  3 gnoll sergeants
  A scorpion (D:5)
  6 wights
  5 killer bees (D:9)
  2 hounds
  Crazy Yiuf (D:7)
  2 jellies
  7 orc priests
  3 iguanas
  12 orc wizards
  3 hell rats (D:6)
  7 gnolls
  4 adders
  19 river rats (D:6)
  4 white imps
  4 ufetubi
  2 worms (D:4)
  2 dart slugs
  33 orcs
  4 bats
  5 endoplasms
  3 giant cockroaches
  12 goblins
  4 hobgoblins
  4 jackals (D:3)
  3 quokkas
  7 ball pythons
  3 frilled lizards
  5 kobolds
  2 rats
232 creatures vanquished.

Vanquished Creatures (collateral kills)
  A catoblepas (D:9)
  A yak (D:9)
  A black bear (D:8)
  A wight (D:7)
  An orc priest (D:11)
  3 gnolls (D:9)
  An orc (D:9)
9 creatures vanquished.

Vanquished Creatures (others)
  4 dancing weapons
  A fungus (D:7)
5 creatures vanquished.

Grand Total: 246 creatures vanquished

Notes
Turn   | Place    | Note
-------+----------+-------------------------------------------
     0 | D:1      | DeathPants the Vine Stalker Gladiator began the quest for
                  | the Orb.
     0 | D:1      | Reached XP level 1. HP: 11/11 MP: 2/2
   131 | D:1      | Reached XP level 2. HP: 11/15 MP: 0/3
   385 | D:1      | You fall into a shaft and drop 1 floor!
   595 | D:1      | Reached skill level 1 in Spellcasting
   878 | D:2      | Reached XP level 3. HP: 18/18 MP: 5/5
  1417 | D:3      | Gained mutation: Your natural rate of healing is unusually
                  | fast. [Vine Stalker growth]
  1417 | D:3      | Reached XP level 4. HP: 6/23 MP: 3/7
  1512 | D:3      | Reached XP level 5. HP: 27/27 MP: 6/8
  1702 | D:3      | Found Babewowi's Weapon Shoppe.
  1739 | D:3      | Identified the +4 robe of Benevolence {Will++}
  1949 | D:3      | Identified 3 scrolls of acquirement
  1949 | D:3      | Acquired the ring of Cuisyull {+Blink rElec MP+9}
  2008 | D:3      | Acquired a +5 rapier of venom
  2012 | D:3      | Acquired the amulet of Toibyo Liesh {rC- Regen+ Str+4 Dex+2
                  | Stlth+}
  2286 | D:4      | Learned a level 3 spell: Tukima's Dance
  2289 | D:5      | Entered Level 5 of the Dungeon
  2328 | D:4      | Noticed a phantom
  2338 | D:4      | Killed a phantom
  2339 | D:4      | Reached skill level 1 in Hexes
  2339 | D:4      | Reached XP level 6. HP: 32/32 MP: 11/11
  2595 | D:4      | Identified the +6 rapier of Tartarus {vamp, *Corrode Str-3
                  | Dex+8 Stlth+}
  2708 | D:5      | Noticed an ice beast
  2721 | D:4      | Killed an ice beast
  2747 | D:5      | Found an ornate altar of the Wu Jian Council.
  2821 | D:5      | Reached XP level 7. HP: 37/37 MP: 13/13
  3088 | D:5      | Acquired a +2 pair of boots of flying
  3136 | D:5      | Gained mutation: You have razor-sharp teeth. [Vine Stalker
                  | growth]
  3136 | D:5      | Reached XP level 8. HP: 42/42 MP: 14/15
  3425 | D:5      | Reached skill level 5 in Fighting
  3425 | D:5      | Reached skill level 5 in Spellcasting
  3568 | D:6      | Found Tudonav's Distillery.
  3725 | D:6      | Reached skill level 5 in Hexes
  3946 | D:6      | Noticed Menkaure
  3956 | D:6      | Killed Menkaure
  3957 | D:6      | Reached XP level 9. HP: 44/48 MP: 19/19
  4189 | D:6      | Found the +2 ratskin cloak {*Rats rPois rN+ Str-1 Int-1
                  | Dex+1}
  4895 | D:7      | Found a staircase to the Ecumenical Temple.
  4911 | Temple   | Entered the Ecumenical Temple
  4963 | Temple   | Became a worshipper of Gozag Ym Sagoz the Greedy
  5372 | D:7      | Found a runed translucent door.
  5373 | D:7      | Noticed Crazy Yiuf
  5380 | D:7      | Killed Crazy Yiuf
  5475 | D:9      | Reached XP level 10. HP: 53/53 MP: 21/21
  5547 | D:8      | Reached skill level 5 in Short Blades
  6225 | D:9      | Reached skill level 5 in Dodging
  6520 | D:10     | Entered Level 10 of the Dungeon
  6539 | D:9      | Found a sacrificial altar of Ru.
  6709 | D:9      | Noticed Gastronok
  6731 | D:9      | Killed Gastronok
  6732 | D:9      | Reached XP level 11. HP: 60/60 MP: 22/22
  6838 | D:9      | Noticed Maggie
  6853 | D:9      | Killed Maggie
  6907 | D:9      | Noticed a catoblepas
  6930 | D:9      | Killed a catoblepas
  7696 | D:10     | Found a staircase to the Lair.
  7873 | D:10     | Noticed a two-headed ogre
  7884 | D:10     | Killed a two-headed ogre
  7961 | D:11     | Noticed a two-headed ogre
  7965 | D:11     | Noticed a boulder beetle
  7972 | D:11     | Killed a two-headed ogre
  8002 | D:11     | Killed a boulder beetle
  8084 | D:11     | Noticed Psyche
  8093 | D:11     | Killed Psyche
  8363 | D:12     | Noticed a manticore
  8364 | D:12     | Killed a manticore
  8366 | D:12     | Noticed a boulder beetle
  8586 | D:11     | Reached XP level 12. HP: 66/66 MP: 25/25
  8610 | D:11     | Noticed a boulder beetle
  8631 | D:11     | Annihilated by a boulder beetle

Illustrated notes

Levels and vault maps discovered:
D:1:      mrwooster_arrival_statue, layout_loops_ring
D:2:      layout_rooms, dreamdust_princess_bridge
D:3:      layout_basic, serial_shops, shop
D:4:      layout_rooms, corexii_checkpoint_a, lightli_corner_chamber
D:5:      layout_gridville, nicolae_wu_jian_wuxing_cycle, lightli_minifort
D:6:      wander_guarded_unrand_ratskin, layout_basic, dreamdust_wishing_well,
          nicolae_take_the_stairs, item_on_display_a, uniq_menkaure
D:7:      layout_gridville, minmay_temple_entry_glassed_door,
          kennysheep_another_room, uniq_crazy_yiuf_cottage
D:8:      layout_loops_cross
D:9:      layout_irregular_city, nicolae_ru_awakened_eye, grunt_tough_drop,
          uniq_maggie, uniq_gastronok
D:10:     layout_roguey, erik_lair_orcish_takeover, serial_ice, serial_ice_e,
          serial_ice_k, serial_ice_a, serial_ice_g,
          hangedman_abyss_or_decor_stabs
D:11:     layout_stronghold, uniq_sonja, uniq_psyche
D:12:     layout_long_grid, erik_orc_2, enter_trove_1, serial_bayou,
          serial_bayou_lagoon_a, serial_bayou_pond_b, serial_bayou_lake_a,
          serial_bayou_shore_a, st_stairs_9, minmay_misc_feat_four_crosses
Temple:   nicolae_temple_slightly_damp_pantheon

Skill      XL: |  1  2  3  4  5  6  7  8  9 10 11 |
---------------+----------------------------------+-----
Fighting       | 2 3 4 5 6 8 9 |  9.1
Short Blades   | 3 4 7 9 |  9.7
Spellcasting   | 1 2 3 4 6 7 8 |  8.1
Dodging        | 3 4 5 6 |  6.4
Hexes          | 1 2 3 5 6 7 |  7.0
Throwing       | |  1.7

Action                     |  1- 3 |  4- 6 |  7- 9 | 10-12 || total
---------------------------+-------+-------+-------+-------++-------
  Melee: Rapier            |    44 |    58 |   252 |   353 ||   707
         Bite              |    33 |    33 |    72 |   154 ||   292
         Dagger            |   111 |    63 |       |       ||   174
         Punch             |     1 |     2 |     4 |     6 ||    13
  Throw: Throwing net      |     2 |     2 |     3 |       ||     7
         Dart              |       |       |       |     3 ||     3
   Cast: Tukima's Dance    |       |       |     5 |    29 ||    34
    Use: Scroll            |       |    12 |     4 |    11 ||    27
         Potion            |       |       |     1 |       ||     1
   Stab: Held in net/web   |     1 |       |       |       ||     1
         Sleeping          |       |     4 |    18 |     4 ||    26
         Invisible         |       |       |     2 |       ||     2
         Distracted        |       |       |     1 |     2 ||     3
 Armour: Leather armour    |    46 |    18 |       |       ||    64
         Robe              |       |    21 |    60 |   104 ||   185
  Dodge: Dodged            |    80 |    50 |   177 |   295 ||   602

Table legend: (Time is in decaauts)
 A = Elapsed time spent in this place.
 B = Non-inter-level travel time spent in this place.
 C = Inter-level travel time spent in this place.
 D = Time resting spent in this place.
 E = Time spent auto-exploring this place.
 F = Levels seen in this place.
 G = Mean time per level.
                   A        B        C        D        E       F      G
               +--------+--------+--------+--------+--------+-----+--------+
         Total |   8555 |   8387 |    168 |    285 |   5217 |  13 |  658.1 |
       Dungeon |   8483 |   8333 |    150 |    285 |   5176 |  12 |  706.9 |
        Temple |     71 |     53 |     18 |      0 |     41 |   1 |   71.0 |
               +--------+--------+--------+--------+--------+-----+--------+

Top non-repeatable levels by time:
     D:9: 1077 daAuts
     D:6: 1018 daAuts
     D:3: 899 daAuts
     D:5: 825 daAuts
    D:10: 775 daAuts
     D:7: 768 daAuts
     D:1: 734 daAuts
    D:11: 664 daAuts
     D:8: 654 daAuts
     D:4: 641 daAuts
     D:2: 405 daAuts
  Temple: 71 daAuts
    D:12: 19 daAuts
